 Dungeon Crawl Stone Soup version 0.18-a0-1781-g663d63a (webtiles) character file.

949 Oddball22 the Ducker (level 7, -6/62 HPs)
             Began as a Demigod Warper on Apr 17, 2016.
             Shot with an arrow by a centaur (22 damage)
             ... on level 5 of the Dungeon.
             The game lasted 00:07:43 (4480 turns).

Oddball22 the Ducker (Demigod Warper)               Turns: 4480, Time: 00:07:43

Health: -6/62      AC:  5    Str: 14    XL:     7   Next: 58%
Magic:  12/12      EV: 16    Int: 17    God:
Gold:   169        SH:  0    Dex: 19    Spells: 3 memorised, 4 levels left

rFire  . . .     SeeInvis .     q - +2 quarterstaff (chaos)
rCold  . . .     Gourm    .     H - +0 leather armour (curse)
rNeg   . . .     Faith    .     (shield currently unavailable)
rPois  .         Spirit   .     (no helmet)
rElec  .         Dismiss  .     r - +1 cloak
rCorr  .         Reflect  .     (no gloves)
SustAt +         Harm     +     (no boots)
MR     .....                    I - amulet of harm
Stlth  ++........               (no ring)
                                s - ring of stealth

@: lethally poisoned (-6 -> -6), not resistant to hostile enchantments,
unstealthy
A: high mp 1, sustain attributes
a: no special abilities


You were on level 5 of the Dungeon.
You were not hungry.

You visited 1 branch of the dungeon, and saw 5 of its levels.

You collected 169 gold pieces.

Inventory:

Hand Weapons
 a - a +2 dagger of protection
 q - a +2 quarterstaff of chaos (weapon)
 t - a +0 dagger of electrocution
 z - a +1 hand axe of chopping
 G - a +1 dagger of flaming
Missiles
 e - 5 tomahawks of dispersal (quivered)
 m - 17 bolts
Armour
 r - a +1 cloak (worn)
 H - a cursed +0 leather armour (worn)
Jewellery
 s - a ring of stealth (left hand)
 I - an amulet of harm (around neck)
Wands
 J - a wand of disintegration (10/24)
Scrolls
 d - a scroll of blinking
 h - 9 scrolls of identify {unknown}
 l - a scroll of fear {unknown}
 n - a scroll of random uselessness {unknown}
 o - a scroll of fog {unknown}
 v - a scroll of enchant weapon {unknown}
 w - 2 scrolls of magic mapping {unknown}
 x - a scroll of teleportation {unknown}
 y - a scroll of immolation {unknown}
 A - a scroll of enchant armour {unknown}
 B - a scroll of remove curse {unknown}
Potions
 g - a potion of might
 i - 4 potions of heal wounds
 k - 2 potions of curing {unknown}
 p - 2 potions of flight {unknown}
 u - a potion of cure mutation {unknown}
 D - 3 potions of experience {unknown}
 E - a potion of mutation {unknown}
 F - a potion of lignification {unknown}
Books
 c - a book of Spatial Translocations

   Spells                             Type                      Level
   a - Apportation                    Translocation                1
   b - Blink                          Translocation                2
   c - Shroud of Golubria             Charms/Translocation         2
   d - Portal Projectile              Translocation                3
   e - Teleport Other                 Translocation                3
   f - Passage of Golubria            Translocation                4
Comestibles
 b - 7 chunks of flesh
 f - 2 bread rations
 j - 2 meat rations
 C - 2 beef jerkies


   Skills:
 + Level 5.7 Fighting
 - Level 2.8 Axes
 - Level 0.8 Throwing
 - Level 0.8 Armour
 + Level 6.0 Dodging
 - Level 1.7 Spellcasting
 - Level 2.6 Translocations


You had 4 spell levels left.
You knew the following spells:

 Your Spells              Type           Power        Failure   Level  Hunger
a - Apportation           Tloc           ##........   10%         1    #......
b - Blink                 Tloc           N/A          14%         2    ###....
c - Shroud of Golubria    Chrm/Tloc      #.........   24%         2    ###....


Dungeon Overview and Level Annotations

Branches:
Dungeon (5/15)
 Temple: D:4-7

Shops:
D:4 =


Innate Abilities, Weirdness & Mutations

You have an increased reservoir of magic (+10% MP).
Your attributes are resistant to harm.


Message History

You feel sick. The worker ant bites you.
* * * LOW HITPOINT WARNING * * *
The worker ant closely misses you.
You are too injured to fight recklessly!
You thump the worker ant!
You kill the worker ant!
Your Dodging skill increases to level 6!
The worker ant bites you but does no damage.
You closely miss the worker ant.
The worker ant is almost dead.
You feel sick. The worker ant bites you.
* * * LOW HITPOINT WARNING * * *
The worker ant closely misses you.
You closely miss the worker ant.
The worker ant is almost dead.
The worker ant bites you but does no damage.
You sock the worker ant!
You kill the worker ant!
You feel sick.
The centaur shoots an arrow.
The arrow hits you!!
You die...

...#.......#######..##
###......##..>..### ...
####......#..#### ......
###.........## ......
###.(....... ......
#######....##### ......#
##..[.....#####..
.......####........## #..#
......(.c†@.......######...
.........######...........#
.......(.# #......###.###
......#.........###.....#
..... #.......### ###.###
._.. .......## #...# ...
.........# ###.#.# ..
......c..# #....># .
........>.###.##.#####


You could see a centaur.

Vanquished Creatures
  A hippogriff (D:4)
  An ice beast (D:5)
  An ogre (D:4)
  A scorpion (D:5)
  A crimson imp (D:5)
  2 orc wizards (D:4)
  Crazy Yiuf (D:2)
  An orc priest (D:4)
  A hound (D:5)
  A giant frog skeleton (D:4)
  A centaur skeleton (D:4)
  2 worker ants (D:5)
  Natasha (thrice) (D:3)
  4 adders
  An ooze (D:2)
  3 adder skeletons
  4 worms
  3 dart slugs
  A giant gecko (D:1)
  16 orcs
  2 ball pythons (D:3)
  4 giant cockroaches
  11 goblins
  8 hobgoblins
  6 jackals
  2 quokkas (D:2)
  A bat (D:2)
  3 giant newts
  5 kobolds
  6 rats
97 creatures vanquished.

Vanquished Creatures (collateral kills)
  An ogre (D:4)
  An orc wizard (D:4)
  An orc (D:4)
3 creatures vanquished.

Grand Total: 100 creatures vanquished

Notes
Turn   | Place    | Note
--------------------------------------------------------------
     0 | D:1      | Oddball22 the Demigod Warper began the quest for the Orb.
     0 | D:1      | Reached XP level 1. HP: 17/17 MP: 5/5
    84 | D:1      | Reached skill level 2 in Dodging
   159 | D:1      | Reached XP level 2. HP: 15/24 MP: 7/7
   915 | D:2      | Reached XP level 3. HP: 20/29 MP: 8/8
  1085 | D:2      | Noticed Crazy Yiuf
  1098 | D:2      | Killed Crazy Yiuf
  1413 | D:2      | Reached XP level 4. HP: 34/37 MP: 9/9
  1565 | D:3      | Reached skill level 3 in Dodging
  1847 | D:3      | Noticed Natasha
  1856 | D:3      | Killed Natasha
  2055 | D:3      | Noticed Natasha
  2064 | D:3      | Killed Natasha
  2064 | D:3      | Reached XP level 5. HP: 44/45 MP: 10/10
  2442 | D:3      | Noticed Natasha
  2463 | D:3      | Killed Natasha
  2754 | D:4      | Reached skill level 4 in Dodging
  2886 | D:4      | Learned a level 2 spell: Blink
  2889 | D:4      | Learned a level 2 spell: Shroud of Golubria
  2931 | D:4      | HP: 1/46 [orc/short sword (4)]
  2939 | D:4      | Reached XP level 6. HP: 10/52 MP: 11/11
  3198 | D:4      | Noticed a hippogriff
  3211 | D:4      | Killed a hippogriff
  3548 | D:4      | Found a burning altar of Makhleb.
  3674 | D:4      | Reached skill level 5 in Dodging
  3729 | D:4      | Found Dorrunaf's Jewellery Shoppe.
  3932 | D:4      | Reached skill level 5 in Fighting
  3932 | D:4      | Reached XP level 7. HP: 24/61 MP: 12/12
  4279 | D:5      | Entered Level 5 of the Dungeon
  4351 | D:5      | Found a deep blue altar of Sif Muna.
  4463 | D:5      | Found a sparkling altar of Nemelex Xobeh.
  4477 | D:5      | Reached skill level 6 in Dodging
  4480 | D:5      | Shot with an arrow by a centaur

Vault maps used:
D:1:      minmay_arrival_arboretum_large, corexii_leaking_fountain
D:2:      uniq_crazy_yiuf_cottage
D:3:      uniq_natasha
D:4:      lemuel_doored_altar, serial_shops, kennysheep_little_box, first_bread
D:5:      nicolae_overflow_crystal_walls, lemuel_crystal_altar, basic_altar

Skill      XL: |  1  2  3  4  5  6  7 |
---------------+----------------------+-----
Dodging        | 2 3 4 5 6 |  6.0
Axes           | 2 |  2.8
Fighting       | 2 3 5 |  5.7
Throwing       | |  0.8
Armour         | |  0.8
Spellcasting   | |  1.7
Translocations | |  2.6

Action                   |  1- 3 |  4- 6 |  7- 9 || total
-------------------------+-------+-------+-------++-------
Melee: Hand axe          |    75 |       |       ||    75
       Quarterstaff      |    29 |   159 |    36 ||   224
       Dagger            |       |    14 |       ||    14
  Use: Potion            |     1 |     1 |       ||     2
 Stab: Petrified         |     4 |       |       ||     4
       Sleeping          |       |     6 |     1 ||     7
       Confused          |       |     1 |       ||     1
       Petrifying        |       |     1 |       ||     1
  Eat: Chunk             |     2 |     8 |     2 ||    12
Armor: Leather armour    |    26 |    45 |     7 ||    78
Dodge: Dodged            |    52 |   132 |    27 ||   211
